 Dungeon Crawl Stone Soup version 0.30-a0-165-g1891117ce2 (webtiles) character file.

Game seed: 8040364760349548418

162 Flugkiller the Magician (level 5, -7/38 HPs)
             Began as a Mummy Reaver on Sept 28, 2022.
             Was a Believer of Makhleb.
             Mangled by an iguana (10 damage)
             ... on level 5 of the Dungeon.
             The game lasted 00:07:19 (4768 turns).

Flugkiller the Magician (Mummy Reaver)              Turns: 4768, Time: 00:07:20

Health: -7/38      AC:  4    Str: 15    XL:     5   Next: 19%
Magic:  0/11       EV: 11    Int: 15    God:    Makhleb [**....]
Gold:   185        SH:  0    Dex: 10    Spells: 6/12 levels left

rFire   x . .      SeeInvis .    a - +0 spear
rCold   + + .      Faith    +    (no shield)
rNeg    + + +      Spirit   +    b - +0 leather armour
rPois   ∞          Reflect  .    (no helmet)
rElec   .          Harm     .    (no cloak)
rCorr   .          Rampage  .    n - +0 pair of gloves
Will    .....                    (no boots)
Stlth   +.........               e - amulet of guardian spirit
HPRegen 0.12/turn                p - ring of protection from cold
MPRegen 0.12/turn                (no ring)

@: about to teleport, momentumless
A: cold resistance 1, negative energy resistance 3, torment resistance 2, heat
vulnerability 1, in touch with death 1, no potions, faith
a: Renounce Religion, Minor Destruction


You were on level 5 of the Dungeon.
You worshipped Makhleb.
Makhleb was pleased with you.
You visited 1 branch of the dungeon, and saw 5 of its levels.

You collected 185 gold pieces.

Inventory:

Hand Weapons
 a - a +0 spear (weapon)
 f - a +0 sling
   (You took it off a goblin on level 2 of the Dungeon)
 h - a +0 quarterstaff
   (You found it on level 2 of the Dungeon)
 k - a +0 battleaxe
   (You found it on level 3 of the Dungeon)
Missiles
 l - 2 boomerangs of dispersal
Armour
 b - a +0 leather armour (worn)
 j - a +2 kite shield
   (You found it on level 2 of the Dungeon)
 n - a +0 pair of gloves (worn)
   (You found it on level 5 of the Dungeon)
Jewellery
 e - an amulet of guardian spirit (around neck)
   (You found it on level 2 of the Dungeon)
 p - a ring of protection from cold (left hand)
   (You found it on level 2 of the Dungeon)
Scrolls
 c - a scroll of acquirement
 d - 2 scrolls of immolation
 g - a scroll of torment
 i - a scroll of magic mapping
 m - a scroll of butterflies
 o - 2 scrolls of poison


   Skills:
 - Level 2.0 Fighting
 - Level 2.4 Polearms
 - Level 1.5 Dodging
 - Level 4.0 Spellcasting
 - Level 3.9 Conjurations
 - Level 1.2 Translocations
 + Level 1.1 Invocations


You had 6 spell levels left.
You knew the following spells:

 Your Spells              Type           Power      Damage    Failure   Level
a - Kiss of Death         Conj/Necr      52%        2d9       10%         1
b - Momentum Strike       Conj/Tloc      20%        3d8       12%         2
c - Hailstorm             Conj/Ice       8%         3d4       30%         3

Your spell library contained the following spells:

 Spells                   Type           Power      Damage    Failure   Level
 Shock                    Conj/Air       32%        1d5       10%         1
 Cigotuvi's Dreadful Rot  Necr/Pois/Air  8%         N/A       32%         2
 Poisonous Vapours        Pois/Air       6%         N/A       32%         2
 Inner Flame              Hex/Fire       3%         N/A       54%         3
 Swiftness                Air            3%         N/A       54%         3
 Airstrike                Air            1%         2d(1-17)  91%         4
 Cause Fear               Hex            1%         N/A       91%         4
 Discord                  Hex            1%         N/A       100%        8


Dungeon Overview and Level Annotations

Branches:
Dungeon (5/15) Zot: 25193  Temple (0/1) D:4

Altars:
Dithmenos
Fedhas
Hepliaklqana
Makhleb
Okawaru
Trog
Wu Jian

Shops:
D:2 *

Annotations:
D:3 exclusion: downstairs


Innate Abilities, Weirdness & Mutations

You are immune to poison.
Your flesh is cold resistant. (rC+)
You are immune to negative energy. (rN+++)
You are immune to unholy pain and torment.
You are vulnerable to heat. (rF-)
You are in touch with the powers of death.
You do not drink.
You have a special connection with the divine. (Faith)


Message History

An iguana comes into view.
The iguana hisses angrily.
An iguana is nearby!
There is an open door here.
Casting: Momentum Strike (safe; 12% risk of failure)
Confirm with . or Enter, or press ? or * to list all spells.
Aiming: Momentum Strike (safe; 12% risk of failure)
Press: ? - help, Dir - move target, f - iguana
Aim: an iguana (72% to hit)
You miscast Momentum Strike.
You are very lightly contaminated with residual magic.
Nothing appears to happen.
Casting: Momentum Strike (safe; 12% risk of failure)
Confirm with . or Enter, or press ? or * to list all spells.
Aiming: Momentum Strike (safe; 12% risk of failure)
Press: ? - help, Dir - move target, f/p - iguana
Aim: an iguana (72% to hit)
The concentrated momentum hits the iguana.
You are unable to move.
You close the door.
You are no longer robbed of momentum.
Your magical contamination has completely faded away.
You open the door.
Casting: Momentum Strike (safe; 12% risk of failure)
Confirm with . or Enter, or press ? or * to list all spells.
Aiming: Momentum Strike (safe; 12% risk of failure)
Press: ? - help, Dir - move target, f/p - iguana
Aim: an iguana (moderately wounded, 72% to hit)
The concentrated momentum misses the iguana.
You are unable to move.
The iguana bites you!
You hit the iguana.
The iguana is severely wounded.
The iguana hisses menacingly.
The iguana misses you.
You hit the iguana.
The iguana is severely wounded.
The iguana bites you.
You closely miss the iguana.
The iguana is severely wounded.
The iguana closely misses you.
You barely miss the iguana.
The iguana is severely wounded.
You are no longer robbed of momentum.
The iguana barely misses you.
You hit the iguana but do no damage.
The iguana is severely wounded.
The iguana bites you!
You are too injured to fight recklessly!
You are too injured to fight recklessly!
You are too injured to fight recklessly!
You hit the iguana.
The iguana is severely wounded.
The iguana bites you!
You hit the iguana but do no damage.
The iguana is severely wounded.
The iguana barely misses you.
You hit the iguana but do no damage.
The iguana is severely wounded.
The iguana barely misses you.
You hit the iguana but do no damage.
The iguana is severely wounded.
The iguana barely misses you.
Unknown command.
Unknown command.
Unknown command.
Unknown command.
Casting: Momentum Strike (safe; 12% risk of failure)
Confirm with . or Enter, or press ? or * to list all spells.
Aiming: Momentum Strike (safe; 12% risk of failure)
Press: ? - help, Dir - move target, f/p - iguana
Aim: an iguana (severely wounded, 72% to hit)
The concentrated momentum misses the iguana.
You are unable to move.
The iguana bites you!
* * * LOW HITPOINT WARNING * * *
Casting: Momentum Strike (safe; 12% risk of failure)
Confirm with . or Enter, or press ? or * to list all spells.
You don't have enough magic to cast this spell.
Unknown command.
Okay, then.
You aren't carrying any items that you can evoke.
Unknown command.
You can't drink.
Unknown command.
Aiming: Minor Destruction (16% risk of failure)
Press: ? - help, Shift-Dir - straight line, f/p - iguana
Aim: an iguana (severely wounded)
The iguana resists with significant effort.
The iguana bites you.
* * * LOW HITPOINT WARNING * * *
Okay, then.
You can't drink.
Unknown command.
Okay, then.
You aren't carrying any items that you can evoke.
Unknown command.
You can't drink.
Unknown command.
As you read the scroll of teleportation, it crumbles to dust.
You feel strangely unstable. The iguana bites you!
You die...

#. #. ##+# #.#### ##...##
#....# ##.....##
#####.##### ##.......##
##.........#
#.........####...#..###.#
+.........l........##
#........@####...#.#
#.......## ##.##.# #.
##.....## #..... ##.
##...## ####.## ..
##†###### #.#
#.#######.#.....
#...........#
#..######...#
####..#####....#


You could see an iguana.

Vanquished Creatures
  A scorpion (D:5)
  8 adders
  2 worms
  2 dart slugs
  An orc (D:4)
  4 endoplasms
  5 giant cockroaches
  4 hobgoblins
  11 jackals
  7 kobolds
  2 quokkas
  7 ball pythons
  5 bats
  2 frilled lizards (D:1)
  4 goblins
  6 rats
71 creatures vanquished.

Vanquished Creatures (others)
  A centaur (D:5)
  An orc (D:4)
  A quokka (D:4)
  A plant (D:4)
4 creatures vanquished.

Grand Total: 75 creatures vanquished

Notes
Turn   | Place    | Note
-------+----------+-------------------------------------------
     0 | D:1      | Flugkiller the Mummy Reaver began the quest for the Orb.
     0 | D:1      | Reached XP level 1. HP: 16/16 MP: 4/4
   126 | D:1      | Reached skill level 3 in Spellcasting
   360 | D:1      | Reached XP level 2. HP: 16/20 MP: 6/6
   696 | D:1      | Identified a scroll of acquirement
  1160 | D:2      | Gained mutation: You are in touch with the powers of death.
                  | [Mummy growth]
  1160 | D:2      | Reached XP level 3. HP: 24/27 MP: 7/7
  1192 | D:2      | Learned a level 2 spell: Momentum Strike
  2002 | D:2      | Found Mirhy's Assorted Antiques.
  2379 | D:3      | Found a faded altar of an unknown god.
  2383 | D:3      | Found a blossoming altar of Fedhas.
  2386 | D:3      | Prayed at the altar of an unknown god.
  2386 | D:3      | Became a worshipper of Makhleb the Destroyer
  2386 | D:3      | Reached * piety under Makhleb
  2510 | D:3      | Reached XP level 4. HP: 32/33 MP: 9/9
  2616 | D:3      | Found an iron altar of Okawaru.
  3505 | D:4      | Found a staircase to the Ecumenical Temple.
  3606 | D:4      | Learned a level 3 spell: Hailstorm
  3608 | D:4      | Noticed an ogre
  3657 | D:4      | Found a hazy altar of Hepliaklqana.
  3666 | D:4      | Reached skill level 1 in Translocations
  3696 | D:4      | Reached skill level 4 in Spellcasting
  3900 | D:4      | Found an ornate altar of the Wu Jian Council.
  4231 | D:4      | Found a shadowy altar of Dithmenos.
  4277 | D:5      | Entered Level 5 of the Dungeon
  4319 | D:5      | Reached ** piety under Makhleb
  4435 | D:5      | Found a bloodstained altar of Trog.
  4447 | D:5      | Noticed a scorpion
  4460 | D:5      | Reached XP level 5. HP: 28/38 MP: 5/11
  4608 | D:5      | Noticed a centaur
  4626 | D:5      | Killed a centaur
  4711 | D:5      | Reached skill level 1 in Invocations
  4768 | D:5      | Mangled by an iguana

Illustrated notes

Levels and vault maps discovered:
D:1:      noname_arrival_rooms_in_the_neighbourhood, layout_basic,
          chequers_serial_rivers_small_3, st_stairs_12
D:2:      layout_loops_ring, serial_shops, nicolae_square_shop,
          grunt_decor_fettered, st_stairs_4, corexii_hall_statues_deadend
D:3:      layout_loops_ring, mainiacjoe_overflow_paths,
          mainiacjoe_overflow_concentric_impassable, basic_ecumenical_altar
D:4:      layout_rooms, elyvilon_altar_4, nzn_wu_jian_council_hall,
          kennysheep_mini_moat, nicolae_overflow_crystal_walls,
          temple_fountains, saegor_snake_ambush
D:5:      layout_loops_corners, mainiacjoe_overflow_24_doors, dk_noncrumbling_4

Skill      XL: |  1  2  3  4  5 |
---------------+----------------+-----
Spellcasting   | 3 4 |  4.0
Conjurations   | 3 |  3.9
Translocations | 1 |  1.2
Invocations    | 1 |  1.1
Fighting       | |  2.0
Polearms       | |  2.4
Dodging        | |  1.5

Action                   |  1- 3 |  4- 6 || total
-------------------------+-------+-------++-------
Melee: Spear             |   133 |   180 ||   313
       Quarterstaff      |    71 |    13 ||    84
       Punch             |     1 |     1 ||     2
 Cast: Kiss of Death     |     1 |       ||     1
       Momentum Strike   |       |     6 ||     6
Invok: Minor Destruction |       |     1 ||     1
  Use: Scroll            |     4 |     7 ||    11
Armor: Leather armour    |    52 |    35 ||    87
Dodge: Dodged            |   110 |    93 ||   203

Table legend: (Time is in decaauts)
 A = Elapsed time spent in this place.
 B = Non-inter-level travel time spent in this place.
 C = Inter-level travel time spent in this place.
 D = Time resting spent in this place.
 E = Time spent auto-exploring this place.
 F = Levels seen in this place.
 G = Mean time per level.
                   A        B        C        D        E       F      G
               +--------+--------+--------+--------+--------+-----+--------+
         Total |   4806 |   4629 |    177 |   1292 |   2252 |   5 |  961.2 |
       Dungeon |   4806 |   4629 |    177 |   1292 |   2252 |   5 |  961.2 |
               +--------+--------+--------+--------+--------+-----+--------+

Top non-repeatable levels by time:
     D:2: 1331 daAuts
     D:1: 1141 daAuts
     D:3: 1061 daAuts
     D:4: 781 daAuts
     D:5: 490 daAuts
